 Dungeon Crawl Stone Soup version 0.28-a0-657-g71136c5590 (webtiles) character file.

Game seed: 2328660753451445072

286 helsbecter the Cleaver (level 6, -2/76 HPs)
             Began as a Minotaur Berserker on Oct 13, 2021.
             Was a Believer of Trog.
             Slain by an ogre (4 damage)
             ... on level 4 of the Dungeon.
             The game lasted 00:04:48 (3081 turns).

helsbecter the Cleaver (Minotaur Berserker)         Turns: 3081, Time: 00:04:48

Health: -2/76      AC:  8    Str: 23    XL:     6   Next: 8%
Magic:  5/5        EV:  8    Int:  4    God:    Trog [**....]
Gold:   177        SH:  0    Dex: 10    Spells: 5/5 levels left

rFire   . . .      SeeInvis .   a - +0 hand axe
rCold   . . .      Faith    +   (no shield)
rNeg    . . .      Spirit   .   c - +0 chain mail
rPois   .          Reflect  .   (helmet restricted)
rElec   .          Harm     .   (no cloak)
rCorr   .          Rampage  .   (no gloves)
Will    .....                   (no boots)
Stlth   ..........              b - amulet of faith
HPRegen 0.22/turn               (no ring)
MPRegen 0.09/turn               (no ring)

@: berserking, very quick
A: horns 2, retaliatory headbutt
a: Renounce Religion, Berserk, Trog's Hand


You were on level 4 of the Dungeon.
You worshipped Trog.
Trog was pleased with you.
You visited 1 branch of the dungeon, and saw 4 of its levels.

You collected 177 gold pieces.

Inventory:

Hand Weapons
 a - a +0 hand axe (weapon)
Armour
 c - a +0 chain mail (worn)
Jewellery
 b - an amulet of faith (around neck)
Scrolls
 e - a scroll of blinking {unknown}
 f - a scroll of teleportation {unknown}
 g - a scroll of identify {unknown}
 h - a scroll of fog {unknown}
 k - a scroll of silence {unknown}
Potions
 d - a potion of might {unknown}
 i - a potion of cancellation {unknown}
 j - a potion of lignification {unknown}


   Skills:
 - Level 3.6 Fighting
 + Level 8.3 Axes
 - Level 2.4 Armour
 - Level 2.1 Dodging


You had 5 spell levels left.
You didn't know any spells.
Your spell library was empty.

Dungeon Overview and Level Annotations

Branches:
Dungeon (4/15)
 Temple: D:4-7

Altars:


Innate Abilities, Weirdness & Mutations

You have a pair of horns on your head.
You reflexively headbutt those who attack you in melee.


Message History

A hobgoblin comes into view.
Found 9 gold pieces.
The hobgoblin shouts!
The hobgoblin moves out of view.
k - a scroll labelled PIPSYABLOUCE
Found a stone staircase leading down.
The hobgoblin hits you but does no damage.
You hit the hobgoblin. Your headbutt misses the hobgoblin.
The hobgoblin is heavily wounded.
The hobgoblin hits you but does no damage.
You hit the hobgoblin.
You kill the hobgoblin!
Trog accepts your kill.
No target in view!
You now have 177 gold pieces (gained 9).
Found a stone staircase leading up.
Found a stone staircase leading down.
Found 9 stones.
An ogre comes into view. It is wielding a +0 giant club.
Found 5 gold pieces.
The ogre shouts!
You hit the ogre but do no damage.
A ball python comes into view.
The ogre hits you with a +0 giant club!!
Ouch! That really hurt!
The ball python hisses angrily.
Your chain mail prevents you from hitting the ogre.
A red film seems to cover your vision as you go berserk!
You feel yourself moving faster!
You feel mighty! The ogre hits you with a +0 giant club!
You slash the ogre! Your headbutt misses the ogre.
The ogre is moderately wounded.
The ogre hits you with a +0 giant club!!
* * * LOW HITPOINT WARNING * * *
Your chain mail prevents you from hitting the ogre.
The ogre is moderately wounded.
You barely miss the ogre.
The ogre is moderately wounded.
The ogre hits you with a +0 giant club.
You die...

#.##.##.....#
#.##..#.....# .(
###.###......†##
...<###...#####......#
>..........####......##...
###.###.##........<.......
#.###.#####.#..###......
#?....####..##.. ......
####...@OS...#### ......
#...###...... ..<...
........ ...## .. ......##
.... . ###.#. ... ..... ..
#.$.## # .. .


You could see an ogre and a ball python.

Vanquished Creatures
  A phantom (D:4)
  A hound (D:3)
  A jelly (D:3)
  Jessica (D:2)
  Terence (D:3)
  4 adders
  2 dart slugs
  5 ball pythons
  5 endoplasms
  6 giant cockroaches
  3 goblins
  6 hobgoblins
  2 quokkas
  6 bats
  7 frilled lizards
  7 kobolds
  3 rats
61 creatures vanquished.

Vanquished Creatures (others)
  4 orcs (D:4)
  14 plants
18 creatures vanquished.

Grand Total: 79 creatures vanquished

Notes
Turn   | Place    | Note
-------+----------+-------------------------------------------
     0 | D:1      | helsbecter the Minotaur Berserker began the quest for the
                  | Orb.
     0 | D:1      | Reached XP level 1. HP: 19/19 MP: 0/0
   125 | D:1      | Reached skill level 4 in Axes
   230 | D:1      | Reached XP level 2. HP: 19/26 MP: 1/1
   885 | D:2      | Noticed Jessica
   893 | D:2      | Killed Jessica
   893 | D:2      | Reached ** piety under Trog
   894 | D:2      | Reached skill level 5 in Axes
   894 | D:2      | Reached XP level 3. HP: 17/31 MP: 2/2
  1124 | D:2      | Reached skill level 6 in Axes
  1124 | D:2      | Reached XP level 4. HP: 25/39 MP: 3/3
  1957 | D:2      | Found a faded altar of an unknown god.
  2307 | D:3      | Noticed Terence
  2312 | D:3      | Killed Terence
  2391 | D:3      | Reached skill level 7 in Axes
  2391 | D:3      | Reached XP level 5. HP: 45/45 MP: 4/4
  2930 | D:4      | Noticed a phantom
  2935 | D:4      | Killed a phantom
  2936 | D:4      | Reached skill level 8 in Axes
  2936 | D:4      | Reached XP level 6. HP: 42/51 MP: 5/5
  3079 | D:4      | HP: 2/76 [ogre (22)]
  3081 | D:4      | Slain by an ogre

Illustrated notes

Levels and vault maps discovered:
D:1:      sevenhm_arrival_forest_fort_small_4, layout_loops_cross,
          chequers_serial_rivers_micro_c, minmay_tetromino_o2
D:2:      layout_basic, dreamdust_ecumenical_altar_hidden_monk_grotto,
          serial_rivers, chequers_serial_rivers_marsh,
          chequers_serial_rivers_large_a, chequers_serial_rivers_small_3,
          chequers_serial_rivers_small_b, chequers_serial_rivers_marsh,
          chequers_serial_rivers_micro_d, uniq_jessica
D:3:      layout_basic, uniq_terence
D:4:      layout_rooms, lemuel_temple_firewalk_b, serial_bayou_lagoon_a

Skill      XL: |  1  2  3  4  5 |
---------------+----------------+-----
Axes           | 4 5 6 7 8 |  8.3
Fighting       | |  3.6
Armour         | |  2.4
Dodging        | |  2.1

Action                   |  1- 3 |  4- 6 || total
-------------------------+-------+-------++-------
Melee: Hand axe          |    50 |    90 ||   140
       Headbutt          |     7 |    13 ||    20
Invok: Berserk           |       |     1 ||     1
Armor: Chain mail        |    20 |    36 ||    56
Dodge: Dodged            |    24 |    32 ||    56

Table legend: (Time is in decaauts)
 A = Elapsed time spent in this place.
 B = Non-inter-level travel time spent in this place.
 C = Inter-level travel time spent in this place.
 D = Time resting spent in this place.
 E = Time spent auto-exploring this place.
 F = Levels seen in this place.
 G = Mean time per level.
                   A        B        C        D        E       F      G
               +--------+--------+--------+--------+--------+-----+--------+
         Total |   3128 |   3044 |     84 |    244 |   2411 |   4 |  782.0 |
       Dungeon |   3128 |   3044 |     84 |    244 |   2411 |   4 |  782.0 |
               +--------+--------+--------+--------+--------+-----+--------+

Top non-repeatable levels by time:
     D:2: 1208 daAuts
     D:1: 899 daAuts
     D:3: 871 daAuts
     D:4: 148 daAuts
